 Dungeon Crawl Stone Soup version 0.24.0-1-gfbc8707 (webtiles) character file.

Game seed: 7150019044586654413, levelgen mode: deterministic

35 theblank the Sneak (level 3, 0/24 HPs)
             Began as an Octopode Assassin on Nov 6, 2019.
             Slain by a rat (2 damage)
             ... on level 3 of the Dungeon.
             The game lasted 00:04:43 (629 turns).

theblank the Sneak (Octopode Assassin)               Turns: 629, Time: 00:04:44

Health: 0/24       AC:  1    Str: 11    XL:     3   Next: 35%
Magic:  3/3        EV: 13    Int: 13    God:
Gold:   7          SH:  0    Dex: 13    Spells: 2/2 levels left

rFire    . . .     SeeInvis .   a - +2 dagger
rCold    . . .     Gourm    .   (no shield)
rNeg     . . .     Faith    .   (helmet restricted)
rPois    .         Spirit   .   e - amulet of inaccuracy (curse)
rElec    .         Reflect  .   (no ring)
rCorr    .         Harm     .   (no ring)
MR       .....                  (no ring)
Stlth    ++++......             (no ring)
HPRegen  0.08/turn              (no ring)
MPRegen  0.08/turn              (no ring)
                                (no ring)
                                (no ring)

@: no status effects
A: almost no armour, stealthy swim, amphibious, 8 rings, constrict 8, camouflage
1, gelatinous body 1
a: no special abilities


You were on level 3 of the Dungeon.
You were not hungry.

You visited 1 branch of the dungeon, and saw 3 of its levels.

You collected 7 gold pieces.

Inventory:

Hand Weapons
 a - a +2 dagger (weapon)
Missiles
 b - 4 poisoned darts (quivered)
 c - 2 curare-tipped darts
 g - 6 datura-tipped darts
Jewellery
 e - a cursed amulet of inaccuracy (around mantle)
Comestibles
 d - 4 rations
 f - 3 chunks of flesh


   Skills:
 + Level 2.1 Fighting
 + Level 2.2 Short Blades
 + Level 2.5 Throwing
 + Level 1.3 Dodging
 + Level 6.0 Stealth


You had 2 spell levels left.
You didn't know any spells.
Your spell library was empty.

Dungeon Overview and Level Annotations

Branches:
Dungeon (3/15)

Altars:
Zin

Shops:
D:2 *


Innate Abilities, Weirdness & Mutations

You cannot wear most types of armour.
You are very stealthy in the water. (Stealth+)
You are amphibious.
You can wear up to eight rings at the same time.
You can use your tentacles to constrict eight enemies at once.
Your skin changes colour to match your surroundings (Stealth+).
Your rubbery body absorbs attacks. (AC +1, EV +1)


Message History

The puff of flame hits you. The leopard gecko barely misses you.
You see here a kobold corpse.
You miss the leopard gecko. You grab the leopard gecko.
You are engulfed in a cloud of scalding steam.
You constrict the leopard gecko. The bat closely misses you.
The leopard gecko barely misses you.
An orc comes into view. It is wielding a +0 dagger.
The orc shouts!
You hit the leopard gecko.
You kill the leopard gecko!
You are engulfed in a cloud of scalding steam.
* * * LOW HITPOINT WARNING * * *
A bat comes into view.
The bat barely misses you. The bat closely misses you.
You barely miss the orc. Your grab misses the orc. You squeeze the orc.
You kill the orc!
You hear a splash.
The bat barely misses you. The rat bites you.
You die...

####...[.####
≈≈...≈o.....≈#
≈...≈§≈...≈..#
≈≈≈≈≈≈≈≈≈≈≈.≈#
≈≈≈≈≈≈≈K≈≈≈..#
..≈≈≈≈§o≈≈≈.≈#
.≈≈≈≈b♣.≈≈≈..#
≈.≈≈≈._§≈≈≈≈.#
≈.≈≈≈≈)@≈≈≈≈.#
≈≈≈≈≈≈≈≈r≈≈..#
≈.≈≈≈≈≈≈≈≈≈≈?#
.≈≈≈≈≈≈≈≈≈≈≈...
≈≈.≈≈.≈.≈≈...###
.≈.......≈(....
.....##(..(###.
##... ..####


You could see 2 orcs, a bat, a kobold and a rat.

Vanquished Creatures
  An adder (D:2)
  An ooze (D:2)
  2 dart slugs (D:1)
  A leopard gecko (D:3)
  An orc (D:3)
  A giant cockroach (D:2)
  A goblin (D:1)
  2 hobgoblins (D:2)
  2 kobolds
  A bat (D:2)
  2 frilled lizards
  4 rats
19 creatures vanquished.

Notes
Turn   | Place    | Note
-------+----------+-------------------------------------------
     0 | D:1      | theblank the Octopode Assassin began the quest for the Orb.
     0 | D:1      | Reached XP level 1. HP: 14/14 MP: 1/1
   150 | D:1      | Reached XP level 2. HP: 19/19 MP: 2/2
   239 | D:2      | Found Zin's Purification Station.
   242 | D:2      | Found a glowing silver altar of Zin.
   506 | D:2      | Reached skill level 6 in Stealth
   506 | D:2      | Reached XP level 3. HP: 19/24 MP: 3/3
   617 | D:3      | Found a faded altar of an unknown god.
   629 | D:3      | Slain by a rat

Levels and vault maps discovered:
D:1:      ebering_trefoil_3fold, layout_loops_corners
D:2:      layout_basic, evilmike_ruin_ashenzari, zin_purify, first_ration
D:3:      layout_basic, nicolae_overflow_crystal_walls,
          chequers_ecumenical_altar_island

Skill      XL: |  1  2 |
---------------+-------+-----
Stealth        | 6 |  6.0
Fighting       | |  2.1
Short Blades   | |  2.2
Throwing       | |  2.5
Dodging        | |  1.3

Action                   || total
-------------------------++-------
Melee: Dagger            ||    38
       Constrict         ||     6
       Tentacles         ||     6
Throw: Dart              ||    15
  Use: Scroll            ||     2
 Stab: Sleeping          ||     6
Armor: Skin              ||     4
Dodge: Dodged            ||    25
